 Dungeon Crawl Stone Soup version 0.21-a0-314-gb3271ec (webtiles) character file.

97 vishdafish the Magician (level 5, -1/39 HPs)
             Began as a Formicid Wizard on Sept 29, 2017.
             Slain by a bullfrog (6 damage)
             ... on level 2 of the Dungeon.
             The game lasted 00:08:32 (3122 turns).

vishdafish the Magician (Formicid Wizard)           Turns: 3122, Time: 00:08:32

Health: -1/39      AC:  3    Str: 11    XL:     5   Next: 0%
Magic:  17/18      EV: 12    Int: 19    God:
Gold:   108        SH:  0    Dex:  9    Spells: 9/10 levels left

rFire    . . .     SeeInvis +   f - +0 dagger
rCold    . . .     Gourm    .   (no shield)
rNeg     . . .     Faith    .   a - +0 robe
rPois    .         Spirit   .   (helmet unavailable)
rElec    .         Reflect  .   (no cloak)
rCorr    .         Harm     .   (no gloves)
MR       +....                  v - +0 pair of boots
Stlth    ++........             (no amulet)
HPRegen  0.13/turn              g - ring of magical power
MPRegen  0.16/turn              h - ring of protection from magic

@: very slightly contaminated
A: permanent stasis, dig shafts and tunnels, four strong arms, antennae 3
a: Dig, Shaft Self


You were on level 2 of the Dungeon.
You were near starving.

You visited 1 branch of the dungeon, and saw 4 of its levels.

You collected 108 gold pieces.

Inventory:

Hand Weapons
 f - a +0 dagger (weapon)
Missiles
 q - 29 bolts
 t - 4 tomahawks (quivered)
Armour
 a - a +0 robe (worn)
 v - a +0 pair of boots (worn)
Jewellery
 g - a ring of magical power (left hand)
 h - a ring of protection from magic (right hand)
Scrolls
 d - a scroll of immolation {unknown}
 i - 2 scrolls of magic mapping {unknown}
 n - a scroll of enchant armour {unknown}
 r - a scroll of recharging {unknown}
 s - a scroll of remove curse {unknown}
 u - a scroll of amnesia {unknown}
 x - a scroll of fog {unknown}
Potions
 e - a potion of lignification
 l - 2 potions of haste {unknown}
 o - a potion of brilliance {unknown}
 p - 2 potions of mutation {unknown}
 w - a potion of magic {unknown}
Books
 b - a book of Minor Magic

   Spells                             Type                      Level
   a - Magic Dart                     Conjuration                  1
   b - Blink                          Translocation                2
   c - Call Imp                       Summoning                    2
   d - Slow                           Hexes                        2
   e - Conjure Flame                  Conjuration/Fire             3
   f - Mephitic Cloud                 Conjuration/Poison/Air       3
Comestibles
 c - a bread ration
 k - 2 fruits
 m - a royal jelly


   Skills:
 * Level 2.3 Fighting
 * Level 1.9 Armour
 - Level 1.7 Dodging
 - Level 2.4 Stealth
 - Level 3.2 Spellcasting
 * Level 2.6 Conjurations
   Level 1.0 Summonings
   Level 0.8 Translocations


You had 9 spell levels left.
You knew the following spells:

 Your Spells              Type           Power        Failure   Level  Hunger
a - Magic Dart            Conj           ##..         4%          1    None


Dungeon Overview and Level Annotations

Branches:
Dungeon (4/15)
 Temple: D:4-7

Altars:
Cheibriados
Elyvilon
Trog
Zin


Innate Abilities, Weirdness & Mutations

You cannot be hasted, slowed, berserked, paralysed or teleported.
You can dig through walls and to a lower floor.
Your four strong arms can wield two-handed weapons with a shield.
You have a pair of large antennae on your head. (SInv)


Message History

Confirm with . or Enter, or press ? or * to list all spells.
You don't know that spell.
You barely miss the bullfrog.
The bullfrog is moderately wounded.
The bullfrog barely misses you.
Casting: Magic Dart
Confirm with . or Enter, or press ? or * to list all spells.
Okay, then.
You hit the bullfrog but do no damage.
The bullfrog is moderately wounded.
The bullfrog closely misses you. The bullfrog misses you.
You hit the bullfrog but do no damage.
The bullfrog is moderately wounded.
The bullfrog hits you.
* * * LOW HITPOINT WARNING * * *
You hit the bullfrog.
The bullfrog is moderately wounded.
The bullfrog hits you but does no damage.
The bullfrog hits you.
You die...

#...........######.# #.
#...........#......#######.
#...........#........#...#.
#....................'...'.
#...........#......#.#...#.
#####.................##.#<..#.
#.....#'#.............##.#...#.
#.###.#.#.............##.#...##
#.# #.#.#.....@F......##.#....#
#.# #.#.#......#...>...........
#.# #...'......#.##.#.##.####.#
##.#####.#......#.##............
#........#......#....#.#########
##########......###.##.# #....†.
#......# #....# #.#.... ########
#.#### #.#.... #.# #......


You could see a bullfrog.

Vanquished Creatures
  A worker ant (D:2)
  2 adders
  A dart slug (D:2)
  A leopard gecko (D:2)
  3 bats
  3 giant cockroaches
  11 goblins
  7 hobgoblins
  3 jackals
  9 kobolds
  3 frilled lizards (D:1)
  4 rats
48 creatures vanquished.

Vanquished Creatures (others)
  4 toadstools (D:1)
4 creatures vanquished.

Grand Total: 52 creatures vanquished

Notes
Turn   | Place    | Note
-------+----------+-------------------------------------------
     0 | D:1      | vishdafish the Formicid Wizard began the quest for the Orb.
     0 | D:1      | Reached XP level 1. HP: 13/13 MP: 4/4
    15 | D:1      | Reached skill level 1 in Conjurations
   139 | D:1      | Reached skill level 1 in Fighting
   139 | D:1      | Reached XP level 2. HP: 15/21 MP: 0/6
   542 | D:1      | Reached skill level 1 in Armour
   678 | D:1      | Reached XP level 3. HP: 24/26 MP: 7/7
  1852 | D:2      | Reached XP level 4. HP: 12/33 MP: 8/8
  2408 | D:2      | HP: 1/33 [worker ant (6)]
  2853 | D:3      | Found a faded altar of an unknown god.
  2853 | D:3      | Found a snail-covered altar of Cheibriados.
  2866 | D:3      | Found a glowing silver altar of Zin.
  2868 | D:3      | Found a white marble altar of Elyvilon.
  2870 | D:3      | Found a bloodstained altar of Trog.
  3060 | D:3      | Noticed a bullfrog
  3062 | D:3      | Reached XP level 5. HP: 39/39 MP: 9/9
  3122 | D:2      | Slain by a bullfrog

Vault maps used:
D:1:      ldierk_walled_garden_2
D:3:      chequers_temple_overflow_minitemple, nicolae_overflow_crystal_walls
D:4:      nicolae_ossuary_entry_giza, hangedman_decor_slide_cut,
          nemelex_xobeh_ov_fountains_minmay, uniq_sigmund

Skill      XL: |  1  2  3 |
---------------+----------+-----
Conjurations   | 1 2 |  2.6
Fighting       | 1 2 |  2.3
Armour         | 1 |  1.9
Dodging        | |  1.7
Stealth        | |  2.4
Spellcasting   | |  3.2
Summonings     | |  1.0
Translocations | |  0.8

Action                   |  1- 3 |  4- 6 || total
-------------------------+-------+-------++-------
Melee: Unarmed           |    17 |       ||    17
       Dagger            |    92 |    48 ||   140
 Cast: Magic Dart        |    69 |    19 ||    88
  Use: Potion            |       |     4 ||     4
 Stab: Sleeping          |     1 |       ||     1
  Eat: Chunk             |     2 |     3 ||     5
Armor: Robe              |    20 |    18 ||    38
       Skin              |       |    17 ||    17
Dodge: Dodged            |    81 |    59 ||   140

Table legend:
 A = Spawn XP
 B = Non-spawn XP
 C = Spawn XP percentage of total XP
 D = Spawn monster count
 E = Non-spawn monster count
 F = Spawn count percentage of total count
 G = Total turns spent on level
                    A         B        C        D         E        F      G
               +---------+---------+-------+---------+---------+-------+---------
         Total |       0 |     139 |   0.0 |       0 |      48 |   0.0 |  3122
               +---------+---------+-------+---------+---------+-------+---------
           D:1 |       0 |      41 |   0.0 |       0 |      25 |   0.0 |  1317
           D:2 |       0 |      78 |   0.0 |       0 |      18 |   0.0 |  1353
           D:3 |       0 |      20 |   0.0 |       0 |       5 |   0.0 |   450
               +---------+---------+-------+---------+---------+-------+---------
